 Dungeon Crawl Stone Soup version 0.24-a0-493-g7e4ddcd485 (webtiles) character file.

Game seed: 8984315381508143036

525580 Peloso the Hoplite (level 24, -15/233 HPs)
             Began as a Minotaur Fighter on July 11, 2019.
             Was the Champion of Okawaru.
             Killed from afar by a hellion (24 damage)
             ... with damnation
             ... on level 2 of the Depths on July 12, 2019.
             The game lasted 04:11:15 (69816 turns).

Peloso the Hoplite (Minotaur Fighter)              Turns: 69816, Time: 04:11:16

Health: -15/233    AC: 33    Str: 34    XL:     24   Next: 25%
Magic:  15/15      EV: 17    Int:  7    God:    Okawaru [******]
Gold:   5498       SH: 22    Dex: 15    Spells: 23/23 levels left

rFire    + . .     SeeInvis +   b - +6 long sword "Ysho" {slice, rElec rN++ Dex-3 SInv}
rCold    + . .     Gourm    .   c - +2 shield {rN+}
rNeg     + + +     Faith    +   x - +0 gold dragon scales
rPois    +         Spirit   .   U - +5 hat of Hangman {Str+2}
rElec    +         Reflect  .   d - scarf {cloud immunity}
rCorr    +         Harm     .   L - +2 pair of gloves "Kaos" {Int+2 Dex+4}
MR       +++..                  T - +2 pair of boots {run}
Stlth    ..........             Z - amulet "Evoohun" {Faith +Blink rPois Slay-5 Stlth-}
HPRegen  0.48/turn              X - ring of Grontol {+Inv MR++ rCorr MP-9 Str+5}
MPRegen  0.14/turn              M - +5 ring of slaying

@: quick
A: retaliatory headbutt, horns 2, weak 1
}: 3/15 runes: barnacled, silver, gossamer
a: Heroism, Finesse, Renounce Religion, Evoke Blink, Evoke Invisibility


You were on level 2 of the Depths.
You worshipped Okawaru.
Okawaru was exalted by your worship.
You were not hungry.

You visited 9 branches of the dungeon, and saw 42 of its levels.
You visited 2 bazaars.
You also visited: Ossuary, Ice Cave and Wizlab.

You collected 8111 gold pieces.
You spent 2613 gold pieces at shops.

Inventory:

Hand Weapons
 a - the +7 demon blade of Anarchy {venom, rPois rF+}
   (Okawaru gifted it to you on level 2 of the Vaults)

   It poisons the flesh of those it strikes.
   It protects you from fire.
   It protects you from poison.
 b - the +6 long sword "Ysho" (weapon) {slice, rElec rN++ Dex-3 SInv}
   (You found it on level 5 of the Vaults)

   It inflicts extra damage upon your enemies.
   It affects your dexterity (-3).
   It insulates you from electricity.
   It greatly protects you from negative energy.
   It lets you see invisible.
 s - the +9 scimitar of the Nine Emperors {slice, rElec rF- MP+9 Str+9}
   (You found it on level 5 of the Vaults)

   It inflicts extra damage upon your enemies.
   It affects your strength (+9).
   It makes you vulnerable to fire.
   It insulates you from electricity.
   It affects your magic capacity (+9).
 Q - a +2 falchion of flaming
Armour
 c - a +2 shield of positive energy (worn)
 d - a scarf of cloud immunity (worn)
 p - the +7 steam dragon scales "Okhlurgho" {rF+ rC- MR+++ Stlth+}
   (You found it on level 13 of the Dungeon)

   It protects you from fire.
   It makes you vulnerable to cold.
   It affects your resistance to hostile enchantments.
   It makes you more stealthy.
 t - -1 gold dragon scales
 v - a +1 plate armour of magic resistance
 x - +0 gold dragon scales (worn)
 y - a cursed +0 crystal plate armour
 L - the +2 pair of gloves "Kaos" (worn) {Int+2 Dex+4}
   (Okawaru gifted it to you on level 4 of the Lair of Beasts)

   It affects your intelligence (+2).
   It affects your dexterity (+4).
 T - a +2 pair of boots of running (worn)
 U - the +5 hat of Hangman (worn) {Str+2}
   (Okawaru gifted it to you on level 4 of the Spider Nest)

   It affects your strength (+2).
Jewellery
 m - the ring of Robustness {AC+8}
   (You found it in an ice cave)

   [ring of protection]

   It affects your AC (+8).
 r - an uncursed ring of protection from magic
 z - an uncursed ring of see invisible
 M - a +5 ring of slaying (right hand)
 X - the ring of Grontol (left hand) {+Inv MR++ rCorr MP-9 Str+5}
   (You found it on level 4 of the Spider Nest)

   [ring of resist corrosion]

   It affects your strength (+5).
   It affects your resistance to hostile enchantments.
   It affects your magic capacity (-9).
   It lets you turn invisible.
   It provides partial protection from all sources of acid and corrosion.
 Z - the amulet "Evoohun" (around neck) {Faith +Blink rPois Slay-5 Stlth-}
   (You found it on level 4 of the Shoals)

   [amulet of faith]

   It allows you to gain divine favour quickly.
   It affects your accuracy and damage with ranged weapons and melee attacks
   (-5).
   It protects you from poison.
   It lets you blink.
   It makes you less stealthy.
Wands
 j - a wand of clouds (7)
 q - a wand of digging (20)
 B - a wand of polymorph (5)
Scrolls
 e - 11 scrolls of magic mapping
 i - 5 scrolls of teleportation
 l - 3 scrolls of blinking
 n - a scroll of enchant weapon
 o - 9 scrolls of identify
 D - 20 scrolls of remove curse
 E - 2 scrolls of summoning
Potions
 g - 27 potions of curing
 h - 7 potions of agility
 k - 4 potions of mutation
 u - 5 potions of resistance
 w - 5 potions of might
 F - 14 potions of flight
 G - a potion of berserk rage
 K - 2 potions of heal wounds
 V - a potion of haste
Comestibles
 f - 63 rations
 A - 2 chunks of flesh


   Skills:
 + Level 22.6 Fighting
 + Level 23.9 Long Blades
 + Level 16.1 Armour
 + Level 16.9 Dodging
 + Level 6.5 Stealth
 + Level 26.8 Shields
 + Level 3.2 Invocations
 + Level 1.1 Evocations


You had 23 spell levels left.
You didn't know any spells.
Your spell library contained the following spells:

 Spells                   Type           Power        Failure   Level  Hunger
 Animate Skeleton         Necr           N/A          99%         1    ##.....
 Apportation              Tloc           #.....       99%         1    ##.....
 Beastly Appendage        Tmut           #.....       99%         1    ##.....
 Corona                   Hex            #......      99%         1    ##.....
 Flame Tongue             Conj/Fire      #....        99%         1    ##.....
 Freeze                   Ice            #...         99%         1    ##.....
 Pain                     Necr           #...         99%         1    ##.....
 Sandblast                Erth           #.....       99%         1    ##.....
 Shock                    Conj/Air       #...         99%         1    ##.....
 Sting                    Conj/Pois      #...         99%         1    ##.....
 Summon Butterflies       Summ           #.......     99%         1    ##.....
 Ensorcelled Hibernation  Hex/Ice        #.....       100%        2    ###....
 Passwall                 Tmut/Erth      #.......     100%        2    ###....
 Poisonous Vapours        Pois/Air       #.....       100%        2    ###....
 Sticks to Snakes         Tmut           #.......     100%        2    ###....
 Sublimation of Blood     Necr           #.........   100%        2    ###....
 Swiftness                Chrm/Air       #.......     100%        2    ###....
 Throw Frost              Conj/Ice       #.....       100%        2    ###....
 Confuse                  Hex            #.......     100%        3    ####...
 Dazzling Spray           Conj/Hex       #.....       100%        3    ####...
 Ignite Poison            Fire/Tmut/Pois #.......     100%        3    ####...
 Lesser Beckoning         Tloc           #.........   100%        3    ####...
 Mephitic Cloud           Conj/Pois/Air  #.......     100%        3    ####...
 Ozocubu's Armour         Chrm/Ice       #.......     100%        3    ####...
 Regeneration             Chrm/Necr      #.........   100%        3    ####...
 Spider Form              Tmut/Pois      #.........   100%        3    ####...
 Static Discharge         Conj/Air       #.......     100%        3    ####...
 Stone Arrow              Conj/Erth      #.....       100%        3    ####...
 Tukima's Dance           Hex            #.......     100%        3    ####...
 Vampiric Draining        Necr           #.........   100%        3    ####...
 Airstrike                Air            #.........   100%        4    #####..
 Animate Dead             Necr           N/A          100%        4    #####..
 Cause Fear               Hex            #.........   100%        4    #####..
 Ice Form                 Ice/Tmut       #.......     100%        4    #####..
 Olgreb's Toxic Radiance  Pois           #.......     100%        4    #####..
 Petrify                  Tmut/Erth      #.......     100%        4    #####..
 Sticky Flame             Conj/Fire      #.......     100%        4    #####..
 Summon Ice Beast         Ice/Summ       #.......     100%        4    #####..
 Throw Icicle             Conj/Ice       #.......     100%        4    #####..
 Alistair's Intoxication  Tmut/Pois      #.......     100%        5    ######.
 Blade Hands              Tmut           #.........   100%        5    ######.
 Bolt of Magma            Conj/Fire/Erth #.........   100%        5    ######.
 Borgnjor's Vile Clutch   Necr/Erth      #.........   100%        5    ######.
 Irradiate                Conj/Tmut      #.........   100%        5    ######.
 Iskenderun's Battlesphe  Conj/Chrm      #.......     100%        5    ######.
 Lee's Rapid Deconstruct  Erth           #.........   100%        5    ######.
 Lightning Bolt           Conj/Air       #.........   100%        5    ######.
 Metabolic Englaciation   Hex/Ice        #.........   100%        5    ######.
 Silence                  Hex/Air        #.........   100%        5    ######.
 Venom Bolt               Conj/Pois      #.........   100%        5    ######.
 Bolt of Cold             Conj/Ice       #.........   100%        6    #######
 Bolt of Fire             Conj/Fire      #.........   100%        6    #######
 Darkness                 Hex            #.........   100%        6    #######
 Freezing Cloud           Conj/Ice/Air   #.........   100%        6    #######
 Invisibility             Hex            #.......     100%        6    #######
 Iron Shot                Conj/Erth      #.........   100%        6    #######
 Ozocubu's Refrigeration  Ice            #.........   100%        6    #######
 Shadow Creatures         Summ           N/A          100%        6    #######
 Simulacrum               Ice/Necr       #.........   100%        6    #######
 Dragon Form              Tmut           #.........   100%        7    #######
 Malign Gateway           Summ/Tloc      #.........   100%        7    #######
 Monstrous Menagerie      Summ           #.........   100%        7    #######
 Orb of Destruction       Conj           #.........   100%        7    #######
 Spellforged Servitor     Conj/Summ      #.........   100%        7    #######
 Summon Greater Demon     Summ           #.........   100%        7    #######
 Summon Horrible Things   Summ           #.........   100%        8    #######
 Dragon's Call            Summ           #.........   100%        9    #######


Dungeon Overview and Level Annotations

Branches:
Dungeon (15/15)            Temple (1/1) D:4            Lair (6/6) D:9
 Shoals (4/4) Lair:3       Spider (4/4) Lair:2        Slime (0/5) Lair:6
    Orc (2/2) D:9             Elf (3/3) Orc:2        Vaults (5/5) D:13
  Crypt (0/3) Vaults:2     Depths (2/5) D:15

Altars:
Ashenzari
Cheibriados
Dithmenos
Elyvilon
Fedhas
Gozag
Kikubaaqudgha
Makhleb
Nemelex Xobeh
Okawaru
Sif Muna
Trog
Uskayaw
Vehumet
Wu Jian
Xom
Zin
The Shining One
Beogh
Jiyva

Shops:
D:6 *   D:14 :   Orc:1 }   Orc:2 ![:}   Elf:3 =?(   Shoals:1 !   Vaults:1 [
Vaults:3 (   Depths:1 [

Portals:
Hell: Depths:2

Annotations:
D:11 exclusion: ice statue


Innate Abilities, Weirdness & Mutations

You reflexively headbutt those who attack you in melee.
You have a pair of horns on your head.
You are weak. (Str -2)


Message History

a +0 dagger; a +0 robe; a salamander corpse You hear a shout!
You hear a trumpeting!
A hellion is nearby!
You hear a trumpeting!
You hear a trumpeting!
Some of the chunks of flesh in your inventory have rotted away.
You hear a trumpeting!
You start resting.
A hellion is nearby!
You hear a trumpeting!
You hear a trumpeting!
A hellion is nearby!
You hear a trumpeting!
The hellion gestures at you.
The sphere of damnation explodes!
The damnation engulfs you!!
* * * LOW HITPOINT WARNING * * *
The hellion gestures at you.
The sphere of damnation explodes!
The damnation engulfs you!!
You die...

##..#
#≈≈≈§≈≈≈...≈≈≈§≈.!#
....###*
#.≈≈≈§≈§≈2≈≈≈≈....#
.......#
#...§§≈≈≈§≈≈......#
.......*
#....≈≈≈≈≈≈.......#
......#*
#.....≈≈§≈≈.......#
...>.####
###...)≈≈§......#**
.....#..###
##...≈§≈.....##
C>........##
##..≈≈.....##
Cg.........#
#@≈≈≈.....#
Dg......#..#
##≈≈≈....##
O.......#..# ##≈≈≈...#
g.....$....# ##§§..##
...........# #≈§..#
.(≈........######
#§.)##
..≈.......).....#####)#
.≈..##...#).......##))#
§§..##.####..#.......##


You could see a hellion.

Vanquished Creatures
  3 ancient liches
  Mennas (Vaults:3)
  Boris (thrice) (Vaults:2 Depths:1 Depths:2)
  Saint Roka (Elf:3)
  Bai Suzhen (Spider:4)
  4 golden dragons
  Nikola (Spider:3)
  Arachne (Spider:4)
  3 liches
  Asterion (Spider:3)
  5 tentacled monstrosities
  2 deep elf blademasters (Elf:3)
  2 deep elf master archers (Elf:3)
  6 titans
  A quicksilver dragon (Depths:2)
  The ghost of Ischutep the Executioner, an adept MiBe of Trog (Spider:4)
  8 shadow dragons
  4 storm dragons
  Kirke (Lair:5)
  6 sphinxes
  5 tengu reavers
  Agnes (Elf:1)
  A nagaraja (Vaults:2)
  Roxanne (Elf:1)
  6 deep elf sorcerers
  2 frost giants
  An orc warlord (Orc:1)
  4 ghost moths
  Louise (Spider:4)
  9 fire giants
  2 frost giants (shapeshifter)
  Aizul (Elf:2)
  16 vault wardens
  6 emperor scorpions
  7 deep elf elementalists
  2 war gargoyles (Vaults:5)
  11 ironheart preservers
  13 stone giants
  12 very ugly things
  14 deep elf demonologists
  4 entropy weavers
  A spark wasp (Depths:2)
  A dire elephant (D:15)
  9 deep elf annihilators
  16 ettins
  8 deep elf death magi
  7 merfolk impalers
  2 deep elf high priests (Elf:3)
  7 merfolk javelineers
  5 mummy priests (WizLab)
  2 fire dragons
  9 hydras
  2 jiangshi (Depths:1)
  15 yaktaur captains
  7 ice dragons
  2 rakshasas
  39 vault guards
  3 great orbs of eyes
  The ghost of motoroller71 the Blocker, a journeyman GnFi of Makhleb (D:11)
  A death knight (Vaults:4)
  12 centaur warriors
  4 catoblepae
  3 alligator snapping turtles
  4 merfolk avatars
  2 merfolk aquamancers
  18 two-headed ogres
  27 dancing weapons
  15 death yaks
  6 ogre magi
  5 satyrs
  2 tengu warriors
  3 deep troll shamans
  A queen ant (Spider:2)
  2 orc high priests
  A small abomination (Elf:3)
  2 deep troll earth magi
  A vampire mage (Depths:1)
  Urug (D:10)
  2 spriggan berserkers (Depths:2)
  6 hell knights (Vaults:4)
  A spectral emperor scorpion (Spider:4)
  Sonja (Lair:5)
  20 deep elf knights
  Nergalle (Orc:2)
  8 skeletal warriors (Vaults:1)
  2 salamander mystics (Depths:2)
  2 shadow wraiths (Vaults:4)
  An iron troll (Depths:2)
  14 slime creatures
  A golden dragon zombie (WizLab)
  3 unseen horrors
  2 flayed ghosts
  15 sea snakes
  A glowing orange brain (shapeshifter) (Depths:1)
  11 deep trolls
  A swamp dragon (Vaults:2)
  2 glowing orange brains
  13 orc knights
  23 deep elf archers
  A kraken simulacrum (Shoals:4)
  3 phantasmal warriors
  The ghost of Gargoyl the Covered, a novice CeAK of Lugonu (D:7)
  A harpy (shapeshifter) (Vaults:4)
  5 wizards
  17 ironbrand convokers
  40 harpies
  A large abomination (Elf:3)
  42 deep elf magi
  31 ugly things
  A spectral wolf spider (Spider:4)
  22 orb spiders
  31 wolf spiders
  33 fauns
  A frost giant zombie (WizLab)
  4 oklob plants (Lair:3)
  9 orc sorcerers
  A stone giant zombie (WizLab)
  9 cyclopes
  15 manticores
  2 moths of wrath (Spider:4)
  5 salamanders
  4 necromancers
  A faun (shapeshifter) (Elf:3)
  3 fire giant zombies
  A stone giant skeleton (Vaults:3)
  12 elephants
  A guardian serpent (shapeshifter) (Depths:2)
  15 merfolk sirens
  7 water nymphs
  2 gargoyles
  3 black mambas
  3 ice statues (IceCv)
  3 centaur zombies
  A black mamba (shapeshifter) (Vaults:5)
  12 vault sentinels
  A molten gargoyle (Lair:5)
  8 spiny frogs
  2 torpor snails
  9 demonic crawlers
  An efreet (D:15)
  A spiny frog (shapeshifter) (Vaults:2)
  A rime drake (Lair:5)
  8 komodo dragons
  27 yaktaurs
  6 freezing wraiths
  2 kobold demonologists
  A yaktaur (shapeshifter) (Vaults:5)
  4 guardian mummies (WizLab)
  2 red devils (Depths:2)
  A hellwing (Depths:2)
  A meliai (shapeshifter) (Depths:1)
  2 entropy weaver simulacra
  5 trolls
  42 jumping spiders
  43 merfolk
  Grinder (D:3)
  3 polar bears
  2 wolf spider simulacra (Spider:4)
  7 wind drakes
  3 hornets (Vaults:4)
  A queen bee (shapeshifter) (Depths:2)
  3 spriggan zombies (WizLab)
  10 dream sheep
  8 blink frogs
  A hippogriff (shapeshifter) (Vaults:5)
  8 snapping turtles
  A human simulacrum (Vaults:2)
  11 hippogriffs
  2 shadows
  4 yaks (Lair:4)
  2 vampires
  68 redbacks
  A yak (shapeshifter) (Vaults:3)
  2 air elementals
  25 tarantellas
  4 wyverns
  A wraith (Ossuary)
  6 water elementals
  2 hogs (Lair:5)
  Grum (D:11)
  5 fire elementals
  A fire bat (shapeshifter) (Vaults:3)
  5 vampire mosquitoes
  2 basilisks
  3 hungry ghosts
  2 redback simulacra (Spider:4)
  Menkaure (D:7)
  7 wargs
  4 acid dragons
  2 insubstantial wisps (Lair:1)
  26 soldier ants (Spider:2)
  A tengu zombie (WizLab)
  A spectral orb spider (Spider:4)
  12 porcupines
  11 water moccasins
  16 ice beasts
  A moth of wrath simulacrum (Spider:4)
  A hornet zombie (D:10)
  49 orc warriors
  An eye of draining (D:13)
  6 sky beasts
  3 necrophages
  4 phantoms
  3 black bears
  23 ogres
  24 wolves
  9 boggarts
  8 centaurs
  9 big kobolds
  Blork the orc (Orc:1)
  12 crocodiles
  2 human zombies
  4 earth elementals (Elf:1)
  15 bullfrogs
  A wyvern zombie (D:14)
  4 gnoll sergeants
  A glowing shapeshifter simulacrum (Vaults:1)
  A human skeleton (Vaults:1)
  3 scorpions
  14 wights
  14 killer bees
  An orc simulacrum (Vaults:1)
  3 howler monkeys
  An electric eel (Spider:2)
  6 crimson imps
  4 bullfrog zombies
  7 centaur skeletons
  21 orc priests
  7 hounds
  A quasit (D:11)
  2 bullfrog skeletons
  4 jellies
  43 orc wizards
  2 iguanas (shapeshifter)
  Natasha (twice) (D:3)
  30 worker ants
  9 hell rats (Lair:4)
  A hound zombie (D:8)
  A mummy (Ossuary)
  14 gnolls
  2 howler monkey skeletons
  7 adders
  6 river rats (Lair:4)
  4 shadow imps
  An ooze (D:1)
  2 adder skeletons
  An adder zombie (D:5)
  2 worms (D:2)
  2 dart slugs (D:1)
  4 leopard geckos
  133 orcs
  6 bats
  5 giant cockroaches
  7 goblins (D:1)
  10 hobgoblins
  4 jackals
  5 quokkas
  2 ball pythons (D:2)
  5 frilled lizards
  A giant cockroach zombie (D:5)
  6 gnoll skeletons (Ossuary)
  A goblin zombie (D:5)
  21 kobolds
  8 kobold skeletons (Ossuary)
  11 orc skeletons (Ossuary)
  2 quokka skeletons
  13 rats
  A rat zombie (D:5)
  2 butterflies (Lair:1)
  2 crawling corpses (Elf:3)
  A fungus (Lair:1)
  4 plants
  A tentacle (Shoals:4)
1990 creatures vanquished.

Vanquished Creatures (others)
  A frost giant (Depths:2)
  A deep elf demonologist (Elf:3)
  A spectral ghost moth (Spider:4)
  An orb spider (Spider:4)
  A wolf spider (Spider:4)
  A yaktaur (Vaults:5)
  2 jumping spiders
  A human (Lair:5)
  A boggart (Vaults:2)
  An orc wizard (Orc:2)
  2 ufetubi (D:11)
  38 fungi
  29 plants
  3 tentacles (Shoals:4)
83 creatures vanquished.

Grand Total: 2073 creatures vanquished

Notes
Turn   | Place    | Note
-------+----------+-------------------------------------------
     0 | D:1      | Peloso the Minotaur Fighter began the quest for the Orb.
     0 | D:1      | Reached XP level 1. HP: 19/19 MP: 0/0
   117 | D:1      | Reached XP level 2. HP: 27/27 MP: 1/1
   278 | D:1      | Reached skill level 4 in Shields
   364 | D:1      | Reached XP level 3. HP: 32/33 MP: 2/2
  1203 | D:1      | Reached XP level 4. HP: 30/41 MP: 3/3
  1504 | D:2      | Found an ornate altar of the Wu Jian Council.
  1797 | D:3      | Found a radiant altar of Vehumet.
  2094 | D:3      | Noticed Natasha
  2101 | D:3      | Killed Natasha
  2266 | D:3      | Found a sparkling altar of Nemelex Xobeh.
  2444 | D:3      | Reached XP level 5. HP: 42/47 MP: 4/4
  2449 | D:3      | Noticed Grinder
  2452 | D:3      | Paralysed by Grinder for 4 turns
  2458 | D:3      | HP: 2/47 [Grinder/nerve-wracking pain (5)]
  2459 | D:3      | Killed Grinder
  2459 | D:3      | Reached skill level 5 in Fighting
  2459 | D:3      | Reached skill level 5 in Long Blades
  2459 | D:3      | Reached skill level 5 in Armour
  2459 | D:3      | Reached XP level 6. HP: 2/56 MP: 5/5
  2784 | D:3      | Noticed Natasha
  2793 | D:3      | Killed Natasha
  2819 | D:3      | Reached skill level 5 in Shields
  2846 | D:4      | Reached XP level 7. HP: 26/61 MP: 6/6
  3259 | D:4      | Reached skill level 1 in Dodging
  3321 | D:4      | Reached skill level 6 in Shields
  3350 | D:4      | Found a staircase to the Ecumenical Temple.
  3355 | Temple   | Entered the Ecumenical Temple
  3383 | Temple   | Became a worshipper of Warmaster Okawaru
  3885 | D:4      | Reached XP level 8. HP: 69/69 MP: 7/7
  3999 | D:5      | Entered Level 5 of the Dungeon
  4092 | D:5      | Found a shimmering altar of Xom.
  4210 | D:5      | Found a sand-covered staircase.
  4218 | Ossuary  | Entered an ossuary
  4397 | Ossuary  | Reached * piety under Okawaru
  4397 | Ossuary  | Reached skill level 7 in Shields
  5046 | D:6      | Found Niuhem's Assorted Antiques.
  5302 | D:6      | Reached XP level 9. HP: 75/75 MP: 6/8
  5406 | D:6      | Found a hide-covered altar of Uskayaw.
  5416 | D:6      | Reached ** piety under Okawaru
  5452 | D:6      | Found a deep blue altar of Sif Muna.
  5468 | D:6      | Reached skill level 10 in Long Blades
  5468 | D:6      | Reached skill level 8 in Shields
  5968 | D:7      | Found a glowing golden altar of the Shining One.
  6072 | D:7      | Found a shattered altar of Ashenzari.
  6129 | D:7      | Found a transporter.
  6148 | D:7      | Found a transporter.
  6149 | D:7      | Noticed Gargoyl's ghost (novice CeAK)
  6199 | D:7      | Noticed Menkaure
  6207 | D:7      | Killed Menkaure
  6620 | D:7      | Reached *** piety under Okawaru
  7152 | D:8      | Reached skill level 9 in Shields
  7785 | D:8      | Reached XP level 10. HP: 86/86 MP: 9/9
  8349 | D:9      | Noticed a two-headed ogre
  8372 | D:9      | Killed a two-headed ogre
  8372 | D:9      | Reached **** piety under Okawaru
  8396 | D:9      | Reached skill level 1 in Stealth
  8428 | D:9      | Received a gift from Okawaru
  8696 | D:9      | Found a staircase to the Lair.
  8841 | D:9      | Found a staircase to the Orcish Mines.
  8871 | D:9      | Reached skill level 10 in Shields
  8912 | D:9      | Found a shattered altar of Ashenzari.
  9005 | D:9      | Reached XP level 11. HP: 28/95 MP: 10/10
  9096 | D:9      | Reached ***** piety under Okawaru
  9502 | D:9      | Found a glowing silver altar of Zin.
  9718 | D:10     | Entered Level 10 of the Dungeon
 10082 | D:10     | Noticed Urug
 10097 | D:10     | Killed Urug
 10097 | D:10     | Received a gift from Okawaru
 10389 | D:10     | Got a translucent great sword
 10565 | D:10     | Reached skill level 11 in Shields
 11223 | D:6      | Bought a scroll of identify for 42 gold pieces
 11223 | D:6      | Bought a scroll of magic mapping for 73 gold pieces
 11223 | D:6      | Bought a scroll of identify for 42 gold pieces
 11223 | D:6      | Bought a scroll of identify for 42 gold pieces
 11223 | D:6      | Bought a scroll labeled NOBRAR GIEFI for 21 gold pieces
 11223 | D:6      | Bought 2 potions of might for 168 gold pieces
 11242 | D:6      | Identified the +2 great sword of Dinah {pain, *Drain MR++
                  | Int+2} (You found it on level 10 of the Dungeon)
 11390 | D:7      | Killed Gargoyl's ghost
 11390 | D:7      | Reached skill level 10 in Armour
 12095 | D:11     | Noticed Grum
 12114 | D:11     | Killed Grum
 12173 | D:11     | Found a white marble altar of Elyvilon.
 12225 | D:11     | Found a runed translucent gate.
 12227 | D:11     | Found a runed translucent gate.
 12227 | D:11     | Found an opulent altar of Gozag.
 12228 | D:11     | Found a runed translucent gate.
 12230 | D:11     | Noticed motoroller71's ghost (journeyman GnFi)
 12230 | D:11     | Noticed a swamp dragon
 12237 | D:11     | a swamp dragon changed into a tarantella
 12435 | D:11     | Noticed a cyan ugly thing
 12444 | D:11     | Killed a cyan ugly thing
 13017 | D:11     | Received a gift from Okawaru
 13065 | D:11     | Got a dazzling double sword {god gift}
 13066 | D:11     | Identified the +3 double sword "Buoz Nid" {holy, rPois rF+
                  | Stlth+} (Okawaru gifted it to you on level 11 of the
                  | Dungeon)
 13310 | Lair:1   | Entered Level 1 of the Lair of Beasts
 13468 | D:9      | Reached skill level 1 in Invocations
 13476 | D:9      | Reached XP level 12. HP: 47/106 MP: 11/11
 13565 | Lair:1   | Noticed a five-headed hydra
 13573 | Lair:1   | Killed a one-headed hydra
 13761 | Lair:1   | Got a crude falchion
 13762 | Lair:1   | Identified the +1 falchion "Aghialy" {slice, Int+6 Dex+3}
                  | (You found it on level 1 of the Lair of Beasts)
 14429 | Lair:2   | Reached skill level 10 in Fighting
 14432 | Lair:2   | Noticed a catoblepas
 14447 | Lair:2   | Killed a catoblepas
 14507 | Lair:2   | Found a frozen archway.
 14568 | IceCv    | Entered an ice cave
 14975 | IceCv    | Reached skill level 15 in Long Blades
 14977 | IceCv    | Found the ring of Robustness {AC+8}
 15309 | IceCv    | Got crude ice dragon scales
 15320 | IceCv    | Identified the +2 ice dragon scales of Leaves {rF- rC++ MR+
                  | Int+4} (You found it in an ice cave)
 15425 | Lair:2   | Reached ****** piety under Okawaru
 16039 | Lair:2   | Found a hole to the Spider Nest.
 16477 | Lair:3   | Reached skill level 12 in Shields
 16544 | Lair:3   | Noticed a six-headed hydra
 16555 | Lair:3   | Killed a three-headed hydra
 17252 | Lair:4   | Reached XP level 13. HP: 103/116 MP: 12/12
 17290 | Lair:4   | Received a gift from Okawaru
 17301 | Lair:4   | Got a pair of polished gloves {god gift}
 17307 | Lair:4   | Identified the +2 pair of gloves "Kaos" {Int+2 Dex+4}
                  | (Okawaru gifted it to you on level 4 of the Lair of Beasts)
 18407 | Lair:5   | Noticed Kirke
 18422 | Lair:5   | Killed Kirke
 18422 | Lair:5   | Received a gift from Okawaru
 18422 | Lair:5   | Reached skill level 13 in Shields
 18432 | Lair:5   | Got an iridescent halberd {god gift}
 18441 | Lair:5   | Identified the +2 halberd of the Desolation of Salt {venom,
                  | Str+4} (Okawaru gifted it to you on level 5 of the Lair of
                  | Beasts)
 18885 | Lair:5   | Noticed Sonja
 18891 | Lair:5   | Killed Sonja
 20189 | D:13     | Found a gate to the Vaults.
 20251 | D:13     | Got transparent steam dragon scales
 20277 | D:13     | Received a gift from Okawaru
 20277 | D:13     | Reached skill level 5 in Dodging
 20277 | D:13     | Reached XP level 14. HP: 127/127 MP: 13/13
 20284 | D:13     | Got a jewelled spear {god gift}
 20289 | D:13     | Identified the +2 spear of Upsioduwn {venom, rPois rC+
                  | Dex+2} (Okawaru gifted it to you on level 13 of the
                  | Dungeon)
 20321 | D:13     | Identified the +7 steam dragon scales "Okhlurgho" {rF+ rC-
                  | MR+++ Stlth+} (You found it on level 13 of the Dungeon)
 20877 | D:11     | Killed motoroller71's ghost
 20877 | D:11     | Reached skill level 14 in Shields
 21571 | D:14     | Found Rohyirph's Book Boutique.
 21875 | Lair:6   | Entered Level 6 of the Lair of Beasts
 21892 | Lair:5   | Received a gift from Okawaru
 21893 | Lair:5   | Found the +2 robe of Vines {NoPotionHeal Regen+7}
 22362 | Lair:6   | Reached skill level 15 in Shields
 22509 | Lair:6   | Found a viscous altar of Jiyva.
 22509 | Lair:6   | Found a staircase to the Slime Pits.
 22752 | Lair:6   | Received a gift from Okawaru
 22795 | Lair:6   | Reached XP level 15. HP: 130/137 MP: 14/14
 23809 | Orc:1    | Entered Level 1 of the Orcish Mines
 23887 | Orc:1    | Found Dokh's Gadget Boutique.
 23895 | Orc:1    | Noticed an orc warlord
 23927 | Orc:1    | Killed an orc warlord
 23968 | Orc:1    | Bought a wand of digging (5) for 288 gold pieces
 24076 | Orc:1    | Noticed Blork the orc
 24092 | Orc:1    | Killed Blork the orc
 24280 | Orc:2    | Entered Level 2 of the Orcish Mines
 24321 | Orc:2    | Found a staircase to the Elven Halls.
 24828 | Orc:2    | Found Eduprouw's Antique Armour Shoppe.
 24914 | Orc:2    | Found Nyne's Gadget Emporium.
 24938 | Orc:2    | Found a radiant altar of Vehumet.
 25039 | Orc:2    | Noticed Nergalle
 25045 | Orc:2    | Found an ancient bone altar of Kikubaaqudgha.
 25055 | Orc:2    | Killed Nergalle
 25115 | Orc:2    | Found a roughly hewn altar of Beogh.
 25115 | Orc:2    | Found Fupniuk's Book Shoppe.
 25202 | Orc:2    | Found Jaugogu's Distillery.
 25208 | Orc:2    | Bought a potion of invisibility for 88 gold pieces
 25208 | Orc:2    | Bought a potion of berserk rage for 55 gold pieces
 25208 | Orc:2    | Bought a potion of heal wounds for 55 gold pieces
 25596 | Orc:2    | Bought a wand of digging (5) for 306 gold pieces
 25973 | D:15     | Entered Level 15 of the Dungeon
 25984 | D:15     | Received a gift from Okawaru
 26002 | D:15     | Reached skill level 1 in Evocations
 26079 | D:15     | Found an ancient bone altar of Kikubaaqudgha.
 26461 | D:15     | Reached skill level 16 in Shields
 26665 | D:15     | Found a staircase to the Depths.
 27714 | Lair:3   | Found a staircase to the Shoals.
 27748 | Shoals:1 | Entered Level 1 of the Shoals
 27788 | Shoals:1 | Received a gift from Okawaru
 27796 | Shoals:1 | Got a faintly glowing falchion {god gift}
 27797 | Shoals:1 | Identified the +2 falchion of Guilt {elec, rF+ Dex+4}
                  | (Okawaru gifted it to you on level 1 of the Shoals)
 27879 | Shoals:1 | Found Lumym's Distillery.
 27932 | Shoals:1 | Bought a potion of heal wounds for 65 gold pieces
 27932 | Shoals:1 | Bought a potion of heal wounds for 65 gold pieces
 27932 | Shoals:1 | Bought a potion of berserk rage for 65 gold pieces
 27997 | Shoals:1 | Reached skill level 10 in Dodging
 28113 | Shoals:1 | Reached XP level 16. HP: 147/147 MP: 16/16
 28185 | Shoals:1 | Received a gift from Okawaru
 28252 | Shoals:1 | Got a dazzling ring mail {god gift}
 28569 | Shoals:1 | Reached skill level 17 in Shields
 28787 | Shoals:2 | Reached skill level 15 in Fighting
 29492 | Shoals:3 | Received a gift from Okawaru
 29863 | Shoals:3 | Reached skill level 18 in Shields
 30482 | Shoals:4 | Entered Level 4 of the Shoals
 30493 | Shoals:4 | Received a gift from Okawaru
 30493 | Shoals:4 | Reached XP level 17. HP: 131/156 MP: 17/17
 31298 | Shoals:4 | Reached skill level 5 in Stealth
 31745 | Shoals:4 | Got a coiled glass ring
 31819 | Shoals:4 | Identified the ring of the Countless Moons {+Blink Int+3
                  | Dex+2 Stlth+} (You found it on level 4 of the Shoals)
 31902 | Shoals:4 | Got a scorched pewter amulet
 31904 | Shoals:4 | Identified the amulet "Evoohun" {Faith +Blink rPois Slay-5
                  | Stlth-} (You found it on level 4 of the Shoals)
 32661 | Shoals:4 | Reached skill level 19 in Shields
 33197 | Shoals:4 | Received a gift from Okawaru
 33575 | Shoals:4 | Got a barnacled rune of Zot
 33986 | Lair:1   | Identified the +1 ring mail of Courage {rN+ MP+9 Str-4
                  | Dex+2} (Okawaru gifted it to you on level 1 of the Shoals)
 34173 | Spider:1 | Entered Level 1 of the Spider Nest
 36029 | Spider:2 | Received a gift from Okawaru
 36130 | Spider:2 | Reached XP level 18. HP: 126/168 MP: 18/18
 36492 | Spider:3 | Noticed Asterion
 36517 | Spider:3 | Killed Asterion
 36721 | Spider:3 | Noticed Nikola
 37083 | Spider:3 | Got a pitted flail
 37198 | Spider:3 | Received a gift from Okawaru
 37443 | Spider:3 | Killed Nikola
 37443 | Spider:3 | Reached skill level 20 in Shields
 37950 | Spider:4 | Entered Level 4 of the Spider Nest
 38329 | Spider:4 | Noticed Arachne
 38366 | Spider:4 | Received a gift from Okawaru
 38401 | Spider:4 | Killed Arachne
 38433 | Spider:4 | Identified the +11 flail of Watchfulness {crush, MR- Int+6
                  | Dex+4} (You found it on level 3 of the Spider Nest)
 38665 | Spider:4 | Noticed Bai Suzhen
 39159 | Spider:4 | Killed Bai Suzhen
 39538 | Spider:4 | Noticed Louise
 39574 | Spider:4 | Received a gift from Okawaru
 39623 | Spider:4 | Got a faintly humming hat {god gift}
 39634 | Spider:4 | Identified the +5 hat of Hangman {Str+2} (Okawaru gifted it
                  | to you on level 4 of the Spider Nest)
 39878 | Spider:4 | Killed Louise
 40046 | Spider:4 | Got a gossamer rune of Zot
 40137 | Spider:4 | Found a runed translucent gate.
 40137 | Spider:4 | Found a runed translucent gate.
 40137 | Spider:4 | Found a runed translucent gate.
 40138 | Spider:4 | Noticed Ischutep's ghost (adept MiBe)
 40383 | Spider:4 | Killed Ischutep's ghost
 40397 | Spider:4 | Got a glittering amber ring
 40407 | Spider:4 | Identified the ring of Grontol {+Inv MR++ rCorr MP-9 Str+5}
                  | (You found it on level 4 of the Spider Nest)
 40966 | Elf:1    | Entered Level 1 of the Elven Halls
 41245 | Elf:1    | Noticed Agnes
 41253 | Elf:1    | Killed Agnes
 41253 | Elf:1    | Reached XP level 19. HP: 175/178 MP: 10/19
 41353 | Elf:1    | Noticed Roxanne
 41366 | Elf:1    | Killed Roxanne
 41746 | Elf:1    | Found a runed translucent gate.
 41746 | Elf:1    | Found a runed translucent gate.
 41746 | Elf:1    | Found a runed translucent gate.
 41746 | Elf:1    | Found a runed translucent gate.
 41746 | Elf:1    | Found a runed translucent gate.
 41748 | Elf:1    | Found a runed translucent gate.
 41927 | Elf:1    | Reached skill level 21 in Shields
 42205 | Elf:1    | Received a gift from Okawaru
 43802 | Elf:2    | Found a runed translucent gate.
 43802 | Elf:2    | Found a runed translucent gate.
 43803 | Elf:2    | Found a runed translucent gate.
 43814 | Elf:2    | Received a gift from Okawaru
 43969 | Elf:2    | Noticed Aizul
 43983 | Elf:2    | Killed Aizul
 44392 | Elf:2    | Reached skill level 15 in Dodging
 44626 | Elf:3    | Entered Level 3 of the Elven Halls
 44648 | Elf:3    | Found Ujokhu's Antique Weapon Shoppe.
 44703 | Elf:3    | Found Xoet's Magic Scroll Emporium.
 44732 | Elf:3    | Bought a scroll of identify for 30 gold pieces
 44732 | Elf:3    | Bought a scroll of magic mapping for 52 gold pieces
 44732 | Elf:3    | Bought a scroll of magic mapping for 52 gold pieces
 44732 | Elf:3    | Bought a scroll of enchant weapon for 112 gold pieces
 44732 | Elf:3    | Bought a scroll of holy word for 112 gold pieces
 44753 | Elf:3    | Found Owooras's Jewellery Shoppe.
 44976 | Elf:3    | Noticed a Tzitzimitl
 45466 | Elf:3    | Identified the +3 leather armour "Paiwkef" {rN+ MR+ Str-4
                  | SInv}
 45466 | Elf:3    | Identified the cursed ring "Onirgh" {rN+ Int-3}
 45517 | Elf:3    | Received a gift from Okawaru
 45537 | Elf:3    | Identified the +5 short sword "Tyoss" {pierce, *Corrode
                  | Dex+2 Stlth+}
 45991 | Elf:3    | Noticed a Brimstone Fiend
 46003 | Elf:3    | HP: 4/181 [blizzard demon/the air[a deep elf demonologist]
                  | (16)]
 46551 | Elf:3    | Reached skill level 22 in Shields
 46551 | Elf:3    | Reached XP level 20. HP: 189/189 MP: 11/20
 47006 | Elf:3    | Noticed Saint Roka
 47024 | Elf:3    | Killed Saint Roka
 47414 | Elf:3    | Gained mutation: You are weak. (Str -2) [a neqoxec]
 48326 | Elf:3    | Got a wavering pewter amulet
 48327 | Elf:3    | Identified the amulet of the Forsaken Dreams {Inacc MR+
                  | Dex+6} (You found it on level 3 of the Elven Halls)
 48991 | Elf:3    | Got a coiled bone amulet
 48992 | Elf:3    | Identified the amulet of Oreho {Inacc rElec rF- Int+8
                  | Dex-4} (You found it on level 3 of the Elven Halls)
 49015 | Elf:3    | Identified a +2 pair of boots of running (You found it on
                  | level 3 of the Elven Halls)
 49133 | Elf:3    | Identified the Guide on the Snowflakes
 49653 | Elf:3    | Bought a faintly glowing glaive for 356 gold pieces
 49653 | Elf:3    | Identified the +9 glaive of the Wolf {freeze, Str+5} (You
                  | bought it in a shop on level 3 of the Elven Halls)
 50227 | Vaults:1 | Entered Level 1 of the Vaults
 50305 | Vaults:1 | Received a gift from Okawaru
 50360 | Vaults:1 | You fall into a shaft and drop 1 floor!
 50487 | Vaults:2 | Found a staircase to the Crypt.
 50508 | Vaults:2 | Found a flickering gateway to a bazaar.
 50520 | Bazaar   | Entered a bazaar
 50520 | Bazaar   | Found Gucew's Armour Emporium.
 50520 | Bazaar   | Found Recitor's Book Shop.
 50520 | Bazaar   | Found Decokhah's Gadget Shoppe.
 50522 | Bazaar   | Found Amesoff's Weapon Boutique.
 50522 | Bazaar   | Found Daosi's Antique Armour Shoppe.
 50569 | Bazaar   | Bought an ancient scale mail for 261 gold pieces
 50880 | Vaults:2 | Received a gift from Okawaru
 51479 | Vaults:2 | Noticed Boris
 51487 | Vaults:2 | Killed Boris
 51497 | Vaults:2 | Received a gift from Okawaru
 51869 | Vaults:2 | Reached skill level 23 in Shields
 52579 | Vaults:2 | Reached XP level 21. HP: 169/199 MP: 13/22
 52609 | Vaults:2 | Got a shimmering demon blade {god gift}
 52610 | Vaults:2 | Identified the +7 demon blade of Anarchy {venom, rPois rF+}
                  | (Okawaru gifted it to you on level 2 of the Vaults)
 53250 | Vaults:1 | Received a gift from Okawaru
 53311 | Vaults:1 | Got an encrusted great sword {god gift}
 53312 | Vaults:1 | Identified the +2 great sword of Zutys {antimagic, rPois}
                  | (Okawaru gifted it to you on level 1 of the Vaults)
 53370 | Vaults:1 | Found Xahanekloo's Armour Shoppe.
 54168 | Vaults:1 | Upgraded the game from 0.24-a0-487-g57318f2ed0 to
                  | 0.24-a0-493-g7e4ddcd485
 54271 | Vaults:3 | You fall into a shaft and drop 1 floor!
 54485 | Vaults:4 | Received a gift from Okawaru
 54766 | Vaults:4 | Found a flickering gateway to a bazaar.
 54775 | Bazaar   | Entered a bazaar
 54789 | Bazaar   | Found Ejidetwe's Weapon Emporium.
 54812 | Bazaar   | Found Qiedax's Distillery.
 54820 | Bazaar   | Bought a potion of heal wounds for 65 gold pieces
 54831 | Bazaar   | Found Plog's Magic Scroll Emporium.
 54837 | Bazaar   | Bought a scroll of magic mapping for 63 gold pieces
 54837 | Bazaar   | Bought a scroll of blinking for 135 gold pieces
 55040 | Vaults:4 | Received a gift from Okawaru
 55124 | Vaults:4 | Reached skill level 24 in Shields
 55699 | Vaults:4 | Received a gift from Okawaru
 55722 | Vaults:4 | Got an ivory long sword {god gift}
 55723 | Vaults:4 | Identified the +10 long sword of Certain Death {slice,
                  | *Drain Int+5 Stlth+} (Okawaru gifted it to you on level 4
                  | of the Vaults)
 56398 | Vaults:3 | Received a gift from Okawaru
 56466 | Vaults:3 | Reached XP level 22. HP: 129/211 MP: 14/23
 57220 | Vaults:3 | Noticed Mennas
 57255 | Vaults:3 | Killed Mennas
 57494 | Vaults:3 | Found Bounuhit's Antique Weapon Shop.
 57755 | Vaults:3 | Identified the cursed +1 scale mail of the Chupacabra
                  | {*Slow rElec rN++ Int+2} (You bought it in a shop in a
                  | bazaar)
 57838 | Vaults:5 | Entered Level 5 of the Vaults
 57998 | Vaults:4 | Received a gift from Okawaru
 58019 | Vaults:4 | Got a crystal lajatang {god gift}
 58020 | Vaults:4 | Identified the +1 lajatang "Neloov" {vamp, rF+ Str+5}
                  | (Okawaru gifted it to you on level 4 of the Vaults)
 59201 | Vaults:5 | Reached skill level 25 in Shields
 59688 | Vaults:5 | Received a gift from Okawaru
 59716 | Vaults:5 | Got a warped ring mail {god gift}
 59962 | Vaults:4 | Identified the +2 ring mail of Unreason {rPois} (Okawaru
                  | gifted it to you on level 5 of the Vaults)
 60001 | Vaults:5 | Got a faintly glowing scimitar
 60028 | Vaults:4 | Identified the +9 scimitar of the Nine Emperors {slice,
                  | rElec rF- MP+9 Str+9} (You found it on level 5 of the
                  | Vaults)
 60112 | Vaults:5 | Noticed a golden dragon
 60176 | Vaults:4 | Killed a golden dragon
 60508 | Vaults:5 | Reached skill level 15 in Armour
 61036 | Vaults:5 | Noticed a golden dragon
 61363 | Vaults:4 | Killed a golden dragon
 61363 | Vaults:4 | Received a gift from Okawaru
 61402 | Vaults:5 | Noticed an ancient lich
 61415 | Vaults:4 | Killed an ancient lich
 61415 | Vaults:4 | Reached XP level 23. HP: 123/221 MP: 15/24
 61654 | Vaults:5 | Noticed an ancient lich
 62233 | Vaults:5 | Identified the +9 plate armour of Calculation {*Contam
                  | rF+++ MR+ Int+3}
 62558 | Vaults:4 | Received a gift from Okawaru
 62785 | Vaults:5 | Identified the +6 bardiche "Mar Gie" {chop, rElec rN+ MP+9}
 63220 | Vaults:4 | Killed an ancient lich
 63555 | Vaults:5 | Identified the ring "Vafijes" {rCorr Str+2}
 63562 | Vaults:5 | Reached skill level 26 in Shields
 64554 | Vaults:5 | Got a brightly glowing long sword
 64682 | Vaults:5 | Got a steaming scale mail
 64809 | Vaults:5 | Found the +9 heavy crossbow "Sniper" {velocity, Acc+∞ SInv}
 64853 | Vaults:5 | Got a silver rune of Zot
 65060 | Vaults:5 | Got a brightly glowing glaive
 65537 | Lair:1   | Identified the +5 glaive of Blood-Lust {flame, rF+ rC++
                  | Int+3 Dex-5} (You found it on level 5 of the Vaults)
 65542 | Lair:1   | Identified the +6 long sword "Ysho" {slice, rElec rN++
                  | Dex-3 SInv} (You found it on level 5 of the Vaults)
 65597 | Lair:1   | Identified the +5 scale mail of Compression {*Contam rN+
                  | Str+2 Int+9} (You found it on level 5 of the Vaults)
 66258 | Depths:1 | Entered Level 1 of the Depths
 66288 | Depths:1 | Noticed Boris
 66328 | Depths:1 | Killed Boris
 66368 | Depths:1 | Identified the Reference Book on Burning Battle Magic
 66460 | Depths:1 | Found a runed translucent door.
 67048 | Depths:1 | Found Vuj Giz's Armour Emporium.
 67050 | Depths:1 | You fall into a shaft and drop 1 floor!
 67097 | Depths:2 | Received a gift from Okawaru
 67180 | Depths:2 | HP: 9/224 [sphinx/divine providence (8)]
 67239 | Depths:2 | Found a magical portal.
 67499 | WizLab   | Entered Doroklohe's Tomb
 68253 | WizLab   | Reached XP level 24. HP: 107/233 MP: 15/24
 68296 | WizLab   | Noticed an ancient lich
 68311 | WizLab   | Killed an ancient lich
 69230 | Depths:2 | Found a burning altar of Makhleb.
 69277 | Depths:2 | Found a gateway to Hell.
 69317 | Depths:2 | Received a gift from Okawaru
 69598 | Depths:2 | Noticed Boris
 69612 | Depths:2 | Killed Boris
 69815 | Depths:2 | HP: 8/233 [hellion/damnation (23)]
 69816 | Depths:2 | Killed from afar by a hellion

Levels and vault maps discovered:
D:1:      dpeg_arrival_leaves_temple_mockup, layout_basic,
          hangedman_decor_clover_reticule
D:2:      layout_basic, lemuel_crystal_altar
D:3:      layout_loops_ring, nemelex_xobeh_ov_fountains_minmay, first_ration,
          lemuel_statue_altar, uniq_natasha, uniq_grinder
D:4:      layout_cave_pods, temple_doors_e
D:5:      layout_loops_ring, basic_altar, enter_ossuary_4
D:6:      layout_rooms, lemuel_doored_altar, kennysheep_little_box,
          serial_shops, shop
D:7:      layout_loops_ring, ashenzari_altar_1, basic_altar,
          gammafunk_ghost_mausoleum, uniq_menkaure
D:8:      layout_layer_cave
D:9:      layout_basic, nicolae_overflow_crystal_walls,
          due_lair_maze_entry_diamond, kennysheep_orc_monster_closet_entryway,
          basic_altar
D:10:     layout_loops_corners, blue_anna_alchemist [blue_anna_fruit_fields,
          blue_anna_fruit_fields], uniq_urug
D:11:     cheibrodos_frozen_isle, layout_basic, ebering_ghost_gozag,
          special_room [special_room_orc], st_stairs_10, elyvilon_altar_4,
          uniq_grum
D:12:     layout_stronghold
D:13:     layout_rooms, erik_vaults_1
D:14:     layout_cross, minmay_crystal_room, serial_shops, shop_statue
D:15:     hangedman_depths_entry_try_elsewhere_first, layout_rooms,
          nrook_mini_vaults, minmay_ruined_shrine
Temple:   nicolae_temple_elliptical
Lair:1:   layout_big_grid, serial_bayou_ford_a, pond, grunt_megastairs_2,
          lemuel_fruit_fields
Lair:2:   layout_cave_pods, nicolae_spider_entry_orb_guardian,
          portal_ice_cave_entry_ice_beasts, chequers_serial_rivers_room_b
Lair:3:   layout_loops_ring, minmay_shoals_entry_lonely_mermaid, minivault_19,
          minmay_lair_oklob_chamber
Lair:4:   layout_cave_pods, chequers_serial_rivers_micro_c,
          kennysheep_abandoned_house
Lair:5:   layout_gridlike, lemuel_fruit_fields, uniq_sonja, uniq_kirke
Lair:6:   grunt_lair_end_beastmaster, layout_misc_corridors,
          dpeg_slime_entry_enclosed_altar, serial_bayou_shore_b
Shoals:1: cheibrodos_shoals_roost, layout_shoals, serial_shops, shop
Shoals:2: layout_shoals, nicolae_shoals_square_sea_wall
Shoals:3: layout_shoals
Shoals:4: shoals_end_grunt_ice, layout_shoals
Spider:1: layout_spider_delve
Spider:2: layout_spider_delve, minivault_29
Spider:3: layout_spider_delve, nicolae_spider_nook, uniq_nikola, uniq_asterion
Spider:4: grunt_spider_rune_circles, gammafunk_ghost_necromancy, uniq_louise,
          uniq_arachne, uniq_bai_suzhen
Orc:1:    layout_caves, serial_shops, shop, sword_in_stone
Orc:2:    kennysheep_orc_mage_school, layout_diamond_mine
Elf:1:    eino_elf_arrival_sip, layout_gridlike, serial_glass, glass_columns_b,
          glass_columns_a, orc_legates, uniq_roxanne, uniq_agnes
Elf:2:    layout_geoelf_grid, uniq_aizul
Elf:3:    elf_hall_gauntlet_wide, layout_geoelf_grid, serial_shops, shop, shop,
          nicolae_shop_trees, uniq_saint_roka
Vaults:1: vaults_dpeg_spiral, v_misc_28, v_alt_pattern_1, v_misc_26, v_misc_10,
          nicolae_vaults_angled_halls, vaults_room_grunt_arrival_ludios,
          serial_ice_b, v_rooms_5, layout_vaults_omnigrid, serial_shops, shop
Vaults:2: grunt_vaults_twisty, vaults_room_ringed_pool, vaults_room_door_ring,
          st_greater_box_5, hangedman_vaults_snaps, v_misc_26,
          hangedman_vaults_trim, vaults_dpeg_cross, vaults_standard_mumra_lines,
          nicolae_vaults_little_squares_3, nicolae_vaults_little_squares_3,
          vaults_dpeg_diagonal, layout_vaults_big_cross, dummy_crypt_entry,
          serial_shops, bzr_firewalk, uniq_boris
Vaults:3: nicolae_vaults_network_star, vaults_room_hallway, v_misc_4,
          nicolae_vaults_alarming, ontoclasm_vaults_eye, v_misc_13, v_misc_25,
          nicolae_vaults_branching_niches, vaults_mumra_lcd,
          ontoclasm_vaults_twist, vaults_dpeg_hooks, layout_vaults_big_room,
          serial_shops, shop, uniq_mennas
Vaults:4: v_misc_27, vaults_standard_mumra_x, nicolae_vaults_network_quinsquares
          [nicolae_vaults_network_quincunx_subvault,
          nicolae_vaults_network_quincunx_subvault,
          nicolae_vaults_network_quincunx_subvault,
          nicolae_vaults_network_quincunx_subvault],
          nicolae_vaults_three_branches, nicolae_vaults_little_squares_6,
          nicolae_vaults_network_quincunx
          [nicolae_vaults_network_quincunx_subvault,
          nicolae_vaults_network_quincunx_subvault,
          nicolae_vaults_network_quincunx_subvault,
          nicolae_vaults_network_quincunx_subvault,
          nicolae_vaults_network_quincunx_subvault],
          nicolae_vaults_fighting_squares, v_misc_32, ontoclasm_vaults_shuriken,
          vaults_room_fancy_cross, nicolae_vaults_shelves_hall,
          layout_vaults_maze_snakey, serial_shops, bzr_entry_water
Vaults:5
Depths:1: layout_cave_shapes, ebering_ghost_inner_flame, lightli_too_deep,
          minmay_misc_feat_pillars, minmay_hidden_floor, minmay_shoptagon,
          uniq_enchantress
Depths:2: minmay_the_grid_octo_triangle [minmay_the_grid_octo_vomiting_pacman,
          minmay_the_grid_octo_prize_square_snowflake,
          minmay_the_grid_octo_clover], layout_cave_pools, hellmouth_1,
          mu_enter_wizlab_7, lemuel_crystal_altar, hangedman_decor_points

Skill      XL: |  1  2  3  4  5  6  7  8  9 10 11 12 13 14 15 16 17 18 19 20 21 22 23 24 |
---------------+-------------------------------------------------------------------------+-----
Fighting       | 4 5 6 7 8 9 11 12 13 14 15 16 17 18 19 20 21 22 | 22.6
Shields        | 4 5 6 7 9 10 11 12 13 15 16 18 19 20 22 23 24 25 26 | 26.8
Long Blades    | 3 4 5 7 9 11 12 14 15 16 17 18 19 20 21 22 23 | 23.9
Armour         | 4 5 6 7 8 9 11 12 13 14 15 16 | 16.1
Dodging        | 1 2 3 5 7 10 11 13 14 15 16 | 16.9
Stealth        | 1 2 3 4 5 6 |  6.5
Invocations    | 1 2 3 |  3.2
Evocations     | 1 |  1.1

Action                   |  1- 3 |  4- 6 |  7- 9 | 10-12 | 13-15 | 16-18 | 19-21 | 22-24 || total
-------------------------+-------+-------+-------+-------+-------+-------+-------+-------++-------
Melee: Long sword        |    90 |   110 |   430 |       |       |       |       |   278 ||   908
       Headbutt          |    13 |    22 |   122 |   209 |   310 |   599 |   674 |   571 ||  2520
       Falchion          |       |       |    86 |   626 |    55 |       |       |       ||   767
       Double sword      |       |       |       |   229 |   932 |  1827 |  1179 |       ||  4167
       Punch             |       |       |       |     2 |       |       |       |       ||     2
       Demon blade       |       |       |       |       |       |       |   658 |   997 ||  1655
Invok: Heroism           |       |       |     4 |     8 |     2 |     7 |     8 |     6 ||    35
       Finesse           |       |       |       |       |       |     1 |     3 |       ||     4
Evoke: Wand              |       |       |       |       |     9 |       |       |     1 ||    10
  Use: Potion            |       |     1 |     2 |     6 |       |     3 |     3 |    13 ||    28
       Scroll            |       |       |    10 |     7 |    12 |     8 |    13 |    12 ||    62
 Stab: Petrified         |       |       |       |       |     6 |       |       |       ||     6
       Sleeping          |       |       |       |       |    10 |    20 |     1 |       ||    31
       Distracted        |       |       |       |       |     1 |     2 |     1 |       ||     4
       Held in net/web   |       |       |       |       |       |     2 |       |       ||     2
  Eat: Chunk             |       |     6 |    16 |    17 |    16 |    33 |    36 |    22 ||   146
       Ration            |       |       |       |     5 |     6 |     4 |     3 |     6 ||    24
Armor: Scale mail        |    48 |     3 |       |       |       |       |       |       ||    51
       Chain mail        |       |    39 |   121 |       |       |       |       |       ||   160
       Plate armour      |       |       |    74 |   355 |       |       |       |       ||   429
       Ice dragon scales |       |       |       |    53 |   109 |       |   365 |   213 ||   740
       Steam dragon scal |       |       |       |       |   304 |   652 |       |       ||   956
       Gold dragon scale |       |       |       |       |       |       |       |   197 ||   197
Dodge: Dodged            |    34 |    21 |    89 |   215 |   566 |  1488 |   789 |   613 ||  3815
       Deflected         |       |       |       |       |     1 |       |       |       ||     1
Block: Shield            |    67 |    58 |   289 |   310 |   788 |  2017 |  1668 |  1233 ||  6430
       Rpst.: Long sword |    10 |     7 |    24 |       |       |       |       |    21 ||    62
       Falchion          |       |       |     1 |    28 |     3 |       |       |       ||    32
       Double sword      |       |       |       |    26 |   114 |   234 |    73 |       ||   447
       Demon blade       |       |       |       |       |       |       |    45 |    75 ||   120

Table legend:
 A = Non-vault XP
 B = Vault XP
 C = Vault XP percentage of total XP
 D = Non-vault monster count
 E = Vault monster count
 F = Vault count percentage of total count
                 A         B        C        D         E       F
            +---------+---------+-------+---------+---------+-------
      Total |  467205 |  560698 |  54.5 |    1233 |     754 |  37.9
            +---------+---------+-------+---------+---------+-------
        D:1 |      73 |       0 |   0.0 |      31 |       0 |   0.0
        D:2 |      65 |       0 |   0.0 |      16 |       0 |   0.0
        D:3 |     134 |     326 |  70.9 |      15 |       2 |  11.8
        D:4 |     840 |       0 |   0.0 |      29 |       0 |   0.0
        D:5 |     582 |       2 |   0.3 |      20 |       2 |   9.1
        D:6 |    1144 |       0 |   0.0 |      27 |       0 |   0.0
        D:7 |    1349 |    1504 |  52.7 |      29 |       7 |  19.4
        D:8 |    1144 |       0 |   0.0 |      29 |       0 |   0.0
        D:9 |    3924 |    2979 |  43.2 |      36 |      32 |  47.1
       D:10 |     981 |     931 |  48.7 |      19 |       2 |   9.5
       D:11 |    2463 |    4001 |  61.9 |      33 |      31 |  48.4
       D:12 |    1633 |       0 |   0.0 |      15 |       0 |   0.0
       D:13 |   10085 |    1808 |  15.2 |      26 |       2 |   7.1
       D:14 |    5956 |       0 |   0.0 |      18 |       0 |   0.0
       D:15 |   10292 |    5746 |  35.8 |      23 |       9 |  28.1
     Lair:1 |    1837 |     843 |  31.5 |       6 |       5 |  45.5
     Lair:2 |    4820 |    1635 |  25.3 |      16 |       9 |  36.0
     Lair:3 |    2948 |    3438 |  53.8 |      16 |       7 |  30.4
     Lair:4 |   11467 |    1139 |   9.0 |      40 |      13 |  24.5
     Lair:5 |   11135 |    3304 |  22.9 |      27 |       4 |  12.9
     Lair:6 |    8593 |    9715 |  53.1 |      24 |      18 |  42.9
   Shoals:1 |   25645 |    3797 |  12.9 |      52 |       6 |  10.3
   Shoals:2 |   17111 |       0 |   0.0 |      34 |       0 |   0.0
   Shoals:3 |   28284 |       0 |   0.0 |      52 |       0 |   0.0
   Shoals:4 |   25555 |   19935 |  43.8 |      47 |      32 |  40.5
   Spider:1 |   11182 |       0 |   0.0 |      30 |       0 |   0.0
   Spider:2 |   17868 |    8214 |  31.5 |      49 |      45 |  47.9
   Spider:3 |   14055 |   12969 |  48.0 |      40 |      16 |  28.6
   Spider:4 |   14896 |   33233 |  69.0 |      46 |      45 |  49.5
      Orc:1 |    4044 |    2004 |  33.1 |      30 |       6 |  16.7
      Orc:2 |    4174 |    7412 |  64.0 |      47 |      33 |  41.2
      Elf:1 |    9677 |   21917 |  69.4 |      16 |      37 |  69.8
      Elf:2 |   22421 |   22786 |  50.4 |      40 |      28 |  41.2
      Elf:3 |   17530 |   50021 |  74.0 |      26 |      40 |  60.6
   Vaults:1 |   24853 |   11831 |  32.3 |      41 |      24 |  36.9
   Vaults:2 |   15839 |   48737 |  75.5 |      28 |      54 |  65.9
   Vaults:3 |   39216 |   28471 |  42.1 |      56 |      32 |  36.4
   Vaults:4 |   36060 |  119868 |  76.9 |      46 |      83 |  64.3
   Vaults:5 |   11286 |   75634 |  87.0 |      15 |      45 |  75.0
   Depths:1 |   23422 |    8904 |  27.5 |      22 |       8 |  26.7
   Depths:2 |   22622 |   24189 |  51.7 |      21 |      20 |  48.8
    Ossuary |       0 |     248 | 100.0 |       0 |      27 | 100.0
      IceCv |       0 |    3266 | 100.0 |       0 |      11 | 100.0
     WizLab |       0 |   19891 | 100.0 |       0 |      19 | 100.0
            +---------+---------+-------+---------+---------+-------
